 Dungeon Crawl Stone Soup version 0.30-a0-760-g5a9884bb7c (webtiles) character file.

Game seed: 12109299110559658660

24496 bjtr the Geomancer (level 13, -1/72 HPs)
             Began as a Gargoyle Earth Elementalist on Feb 10, 2023.
             Was an Elder of Vehumet.
             Shot with an arrow by a centaur warrior (10 damage)
             ... on level 13 of the Dungeon on Feb 11, 2023.
             The game lasted 01:19:39 (14216 turns).

bjtr the Geomancer (Gargoyle Earth Elementalist)   Turns: 14216, Time: 01:19:39

Health: -1/72      AC: 23    Str: 14    XL:     13   Next: 13%
Magic:  37/37      EV: 17    Int: 19    God:    Vehumet [****..]
Gold:   636        SH:  0    Dex: 19    Spells: 16/34 levels left

rFire   . . .      SeeInvis +    a - +6 dire flail of Igihora {flame, Dex+3}
rCold   + . .      Faith    .    (shield currently unavailable)
rNeg    + . .      Spirit   .    o - +0 troll leather armour
rPois   ∞          Reflect  +    C - +2 hood of the Assassin {Detect Stab+ Stlth++}
rElec   +          Harm     .    (no cloak)
rCorr   .          Rampage  .    y - +2 pair of gloves
Will    .....                    t - +1 pair of boots
Stlth   ++++                     B - amulet of reflection
HPRegen 1.12/turn                q - +5 ring of evasion
MPRegen 0.25/turn                x - ring of the Skies Above {rC+ MP+9 Dex+6 SInv Stlth+}

@: confused, ambrosia-drunk
A: sickness immunity, AC +9, negative energy resistance 1, electricity
resistance, torment resistance 1, petrification resistance
a: Renounce Religion


You were on level 13 of the Dungeon.
You worshipped Vehumet.
Vehumet was greatly pleased with you.
You visited 2 branches of the dungeon, and saw 14 of its levels.
You also visited: Ossuary.

You collected 859 gold pieces.
You spent 223 gold pieces at shops.

Inventory:

Hand Weapons
 a - the +6 dire flail of Igihora (weapon) {flame, Dex+3}
   (You took it off an ogre on level 7 of the Dungeon)

   Dex:       It affects your dexterity (+3).
 b - a +0 sling
 G - a +3 scimitar of flaming
 X - a +3 flail of electrocution
Missiles
 e - 2 javelins
 k - a curare-tipped dart
 D - 4 atropa-tipped darts
 T - 35 poisoned darts (quivered)
Armour
 j - the +2 robe "Qacwur" {+Blink}
   (You found it on level 10 of the Dungeon)

   +Blink:    It lets you blink.
 o - a +0 troll leather armour (worn)
 t - a +1 pair of boots (worn)
 y - a +2 pair of gloves (worn)
 C - the +2 hood of the Assassin (worn) {Detect Stab+ Stlth++}
   (You found it on level 11 of the Dungeon)

   Detect:    It allows the wearer to sense nearby creatures.
   Stab+:     It allows the wearer to make particularly effective stabbing
   attacks against helpless or unaware enemies with any weapon.
   Stlth:     It makes you much more stealthy.
 P - a +0 robe of fire resistance
 Z - a +0 kite shield
Jewellery
 q - a +5 ring of evasion (left hand)
 x - the ring of the Skies Above (right hand) {rC+ MP+9 Dex+6 SInv Stlth+}
   (You found it on level 4 of the Dungeon)

   [ring of see invisible]

   Dex:       It affects your dexterity (+6).
   rC:        It protects you from cold.
   MP:        It affects your magic capacity (+9).
   SInv:      It lets you see invisible.
   Stlth:     It makes you more stealthy.
 B - an amulet of reflection (around neck)
 O - a +4 ring of slaying
Wands
 u - a wand of roots (9)
 w - a wand of paralysis (11)
 V - a wand of digging (2)
 Y - a wand of light (13)
Scrolls
 g - 3 scrolls of fog
 h - 8 scrolls of teleportation
 n - a scroll of amnesia
 E - 2 scrolls of immolation
 F - a scroll of fear
 H - 2 scrolls of summoning
 R - 6 scrolls of blinking
Potions
 c - 12 potions of curing
 d - 2 potions of invisibility
 f - 3 potions of might
 i - a potion of heal wounds
 l - 5 potions of cancellation
 m - 2 potions of magic
 p - 4 potions of brilliance
 v - a potion of berserk rage
 z - a potion of ambrosia
 J - a potion of flight
 N - a potion of resistance
Miscellaneous
 r - a box of beasts
 s - a phantom mirror
 Q - a lightning rod (4/4)


   Skills:
 + Level 4.8 Fighting
 + Level 9.4 Armour
 - Level 1.5 Dodging
 + Level 6.6 Stealth
 * Level 5.7 Shields
 + Level 11.2 Spellcasting
 * Level 8.5 Conjurations
 - Level 0.7 Transmutations
 + Level 13.8 Earth Magic


You had 16 spell levels left.
You knew the following spells:

 Your Spells              Type           Power      Damage    Failure   Level
a - Sandblast             Erth           100%       2d20      1%          1
b - Passwall              Tmut/Erth      31%        N/A       1%          2
c - Stone Arrow           Conj/Erth      100%       3d13      1%          3
d - Petrify               Tmut/Erth      38%        N/A       3%          4
e - Arcjolt               Conj/Air       13%        1d23      11%         5
f - Inner Flame           Hex/Fire       10%        N/A       7%          3

Your spell library contained the following spells:

 Spells                   Type           Power      Damage    Failure   Level
 Iskenderun's Battlesphe  Conj           43%        2d9       1%          5
 Shock                    Conj/Air       100%       1d9       1%          1
 Static Discharge         Conj/Air       54%        2-5/arc   1%          2
 Kindle Blastsparks       Fire/Tloc/Air  20%        2d11      7%          3
 Apportation              Tloc           20%        N/A       8%          1
 Necrotise                Necr           40%        1d6       8%          1
 Summon Small Mammal      Summ           40%        N/A       8%          1
 Lightning Bolt           Conj/Air       13%        1d27      11%         5
 Freezing Cloud           Conj/Ice/Air   10%        6-21      17%         5
 Airstrike                Air            5%         2d(1-17)  21%         4
 Olgreb's Toxic Radiance  Pois           10%        N/A       21%         4
 Swiftness                Air            10%        N/A       24%         3
 Vhi's Electric Charge    Tloc/Air       20%        N/A       24%         3
 Summon Lightning Spire   Summ/Air       10%        N/A       61%         4
 Ozocubu's Refrigeration  Ice            5%         4d8       100%        7
 Storm Form               Tmut/Air       6%         N/A       100%        7
 Discord                  Hex            5%         N/A       100%        8
 Ignition                 Fire           5%         3d4       100%        8
 Maxwell's Capacitive Co  Air            5%         ∞         100%        8


Dungeon Overview and Level Annotations

Branches:
Dungeon (13/15)            Temple (1/1) D:7            Lair (0/5) D:11
    Orc (0/2) D:10        Ossuary (visited)
 Vaults: D:13-14

Altars:
Ashenzari
Cheibriados
Dithmenos
Elyvilon
Fedhas
Gozag
Hepliaklqana
Kikubaaqudgha
Makhleb
Nemelex Xobeh
Okawaru
Qazlal
Ru
Sif Muna
Trog
Uskayaw
Vehumet
Wu Jian
Xom
Yredelemnul
Zin
The Shining One

Shops:
D:5 *?**   D:11 (

Annotations:
D:12 2 transporters, epsilonplus's ghost, journeyman FoFi
D:13 Jorgrun; Lodul


Innate Abilities, Weirdness & Mutations

You are immune to sickness and miasma.
Your stone body is resilient. (AC +9)
You are immune to poison.
You resist negative energy. (rN+)
You are resistant to electric shocks. (rElec)
You are resistant to unholy torment.
You are immune to petrification.


Message History

The centaur warrior shoots an arrow.
You reflect the arrow off an invisible shield around you!
The arrow hits the centaur warrior!
You puncture the manticore! You burn the manticore.
The manticore is severely wounded.
The centaur warrior shoots an arrow.
The arrow hits you! The manticore bites you! The manticore barely misses you.
The manticore closely misses you.
The centaur warrior shoots an arrow.
The arrow barely misses you.
You barely miss the manticore.
The manticore is severely wounded.
The centaur warrior shoots an arrow.
The arrow hits you but does no damage. The manticore completely misses you.
You block the manticore's attack.
The manticore claws you but does no damage.
The centaur warrior shoots an arrow.
The arrow hits you but does no damage. The manticore barely misses you.
The manticore claws you but does no damage.
The manticore closely misses you.
You hit the manticore. You burn the manticore.
The manticore is severely wounded.
The centaur warrior shoots an arrow.
You reflect the arrow off an invisible shield around you!
The arrow hits the centaur warrior!!
The manticore misses you.
The manticore claws you but does no damage.
The manticore misses you.
The centaur warrior shoots an arrow.
The arrow hits you!
* * * LOW HITPOINT WARNING * * *
You are confused.
You feel invigorated. The manticore bites you!
* * * LOW HITPOINT WARNING * * *
The manticore claws you but does no damage.
The manticore closely misses you. The manticore attacks as you move away!
The manticore bites you but does no damage.
The manticore claws you.
* * * LOW HITPOINT WARNING * * *
The manticore claws you.
* * * LOW HITPOINT WARNING * * *
The centaur warrior shoots an arrow.
The arrow hits you!
You die...

#.......#
##########........
####
#.................
...#
#................
...#
#............c..#
...#####........$...#
....................#
....................#
.....##########.@.H.#
.....#........#.....#
###..#........#....##
#..#....<.###....#
#..#......# .....#
#..#......#......#
#..+......#......#
#..#'##...#......#
###.....#####


You could see a centaur warrior and a manticore.

Vanquished Creatures
  A centaur warrior (D:11)
  An ogre mage (D:11)
  5 two-headed ogres
  2 boulder beetles
  A dancing weapon (D:13)
  3 cyclopes (D:11)
  A manticore (D:11)
  An elephant (D:11)
  A guardian serpent (shapeshifter) (D:13)
  The ghost of fets63 the Skirmisher, a novice SpHu (D:7)
  2 efreet (D:11)
  2 unseen horrors
  2 komodo dragons
  A tengu conjurer (D:11)
  3 trolls
  2 polar bears
  A hornet (D:8)
  Prince Ribbit (D:7)
  Grinder (D:5)
  3 slime creatures (D:12)
  A water elemental (D:13)
  A shadow (D:12)
  26 yaks
  A wraith (D:10)
  3 wyverns
  A basilisk (D:11)
  7 vampire mosquitoes
  Menkaure (D:7)
  Duvessa (D:7)
  2 hornet zombies (Ossuary)
  3 black bears
  2 ice beasts
  5 orc warriors
  2 sky beasts (D:7)
  2 wolves (D:8)
  4 centaurs
  6 ogres
  4 kobold brigands
  2 bullfrogs (D:7)
  3 gnoll sergeants
  2 scorpions
  6 water moccasin zombies (Ossuary)
  10 wights
  Dowan (D:7)
  6 killer bees (D:9)
  15 howler monkeys
  2 electric eels
  2 bullfrog zombies (Ossuary)
  A wyvern simulacrum (D:8)
  3 centaur zombies (Ossuary)
  8 orc priests
  Ijyb (D:5)
  3 hounds
  An iguana (D:5)
  Jessica (D:2)
  12 mummies (Ossuary)
  Natasha (thrice) (D:4)
  7 orc wizards
  6 killer bee zombies (Ossuary)
  A centaur simulacrum (D:8)
  A killer bee simulacrum (D:8)
  A howler monkey zombie (Ossuary)
  Robin (D:3)
  11 gnolls
  5 adders
  A shadow imp (D:5)
  A white imp (D:8)
  6 ufetubi
  3 worms
  A dart slug (D:1)
  27 orcs
  9 ball pythons
  3 endoplasms
  A giant cockroach (D:1)
  10 hobgoblins
  13 jackals
  4 quokkas
  5 bats
  6 frilled lizards
  19 goblins
  26 kobolds
  9 rats
366 creatures vanquished.

Vanquished Creatures (collateral kills)
  Eustachio (D:5)
1 creature vanquished.

Vanquished Creatures (others)
  An orc wizard (D:8)
  8 withered plants (Ossuary)
9 creatures vanquished.

Grand Total: 376 creatures vanquished

Notes
Turn   | Place    | Note
-------+----------+-------------------------------------------
     0 | D:1      | bjtr the Gargoyle Earth Elementalist began the quest for
                  | the Orb.
     0 | D:1      | Reached XP level 1. HP: 10/10 MP: 3/3
   153 | D:1      | Reached skill level 4 in Earth Magic
   167 | D:1      | Reached XP level 2. HP: 12/15 MP: 1/5
   411 | D:1      | Reached XP level 3. HP: 19/19 MP: 0/6
   686 | D:1      | Reached skill level 1 in Armour
  1085 | D:2      | Noticed Jessica
  1088 | D:2      | Killed Jessica
  1089 | D:2      | Reached XP level 4. HP: 24/24 MP: 3/8
  1094 | D:2      | Learned a level 2 spell: Passwall
  1098 | D:2      | Learned a level 3 spell: Stone Arrow
  1784 | D:3      | Found a glowing silver altar of Zin.
  1789 | D:3      | Found a snail-covered altar of Cheibriados.
  1792 | D:3      | Found an ornate altar of the Wu Jian Council.
  1795 | D:3      | Found a basalt altar of Yredelemnul.
  1855 | D:3      | Reached skill level 5 in Earth Magic
  2229 | D:3      | Reached XP level 5. HP: 28/28 MP: 5/9
  2230 | D:3      | Noticed Robin
  2260 | D:3      | Killed Robin
  2375 | D:3      | Learned a level 4 spell: Petrify
  2604 | D:4      | Noticed Natasha
  2606 | D:4      | Killed Natasha
  2846 | D:4      | Noticed Natasha
  2891 | D:4      | Killed Natasha
  2892 | D:4      | Reached XP level 6. HP: 25/33 MP: 6/11
  2953 | D:4      | Noticed Natasha
  2957 | D:4      | Killed Natasha
  3031 | D:4      | Identified the ring of the Skies Above {rC+ MP+9 Dex+6 SInv
                  | Stlth+}
  3691 | D:5      | Entered Level 5 of the Dungeon
  3705 | D:5      | Noticed Eustachio
  3710 | D:5      | Noticed Ijyb
  3724 | D:5      | Killed Ijyb
  3725 | D:5      | Reached skill level 1 in Fighting
  3726 | D:5      | Killed Eustachio
  3727 | D:5      | Reached skill level 6 in Earth Magic
  3727 | D:5      | Reached XP level 7. HP: 22/40 MP: 13/13
  3775 | D:5      | Found Ozeino's Assorted Antiques.
  3865 | D:5      | Found Kiraot's Assorted Antiques.
  3866 | D:5      | Found a sand-covered staircase.
  3869 | D:5      | Noticed Grinder
  3872 | Ossuary  | Entered an ossuary
  3893 | Ossuary  | Reached skill level 1 in Shields
  3968 | Ossuary  | Reached skill level 7 in Earth Magic
  3968 | Ossuary  | Reached XP level 8. HP: 39/45 MP: 15/15
  4000 | Ossuary  | Reached skill level 5 in Spellcasting
  4197 | Ossuary  | Reached skill level 8 in Earth Magic
  4672 | D:5      | Reached skill level 5 in Armour
  4672 | D:5      | Reached XP level 9. HP: 40/50 MP: 18/18
  4681 | D:5      | Bought a scroll of identify for 52 gold pieces
  4681 | D:5      | Bought a scroll of identify for 52 gold pieces
  4681 | D:5      | Bought a green potion for 23 gold pieces
  4681 | D:5      | Bought a scroll labelled VORICK KEYLO for 26 gold pieces
  4681 | D:5      | Bought a scroll labelled QAXUUMPYOPI for 26 gold pieces
  4792 | D:5      | Reached skill level 9 in Earth Magic
  4886 | D:5      | Found Bosydghusus's General Store.
  4908 | D:5      | Killed Grinder
  5118 | D:5      | Found Dunef's Magic Scroll Emporium.
  5124 | D:5      | Bought a scroll of identify for 22 gold pieces
  5124 | D:5      | Bought a scroll of identify for 22 gold pieces
  5769 | D:6      | Reached skill level 1 in Conjurations
  6629 | D:6      | Upgraded the game from 0.30-a0-757-ga6a79fd877 to
                  | 0.30-a0-760-g5a9884bb7c
  6671 | D:7      | Noticed Prince Ribbit
  6686 | D:7      | Killed Prince Ribbit
  6741 | D:7      | Found a bloodstained altar of Trog.
  6811 | D:7      | Noticed Duvessa
  6830 | D:7      | Reached XP level 10. HP: 54/56 MP: 21/21
  6833 | D:7      | Killed Duvessa
  6837 | D:7      | Noticed Dowan
  6839 | D:7      | Killed Dowan
  6963 | D:7      | Identified the +6 dire flail of Igihora {flame, Dex+3}
  6964 | D:7      | Noticed fets63's ghost (novice SpHu)
  6987 | D:7      | Found a transporter.
  6996 | D:7      | Found a transporter.
  7023 | D:7      | Noticed Menkaure
  7026 | D:7      | Killed Menkaure
  7027 | D:7      | Reached skill level 10 in Earth Magic
  7106 | D:7      | Found a staircase to the Ecumenical Temple.
  7112 | Temple   | Entered the Ecumenical Temple
  7252 | Temple   | Became a worshipper of Vehumet
  7751 | D:7      | Killed fets63's ghost
  7979 | D:8      | Reached * piety under Vehumet
  7979 | D:8      | Offered knowledge of Foxfire by Vehumet.
  7984 | D:8      | Reached skill level 11 in Earth Magic
  8255 | D:8      | Noticed a two-headed ogre
  8264 | D:8      | Killed a two-headed ogre
  8265 | D:8      | Reached XP level 11. HP: 42/60 MP: 12/23
  8665 | D:8      | Found a broken altar of Ashenzari.
  8670 | D:8      | Found an ancient bone altar of Kikubaaqudgha.
  8670 | D:8      | Found an iron altar of Okawaru.
  9286 | D:9      | Offered knowledge of Momentum Strike by Vehumet.
  9289 | D:9      | Reached ** piety under Vehumet
  9297 | D:9      | Reached skill level 12 in Earth Magic
  9736 | D:9      | Reached skill level 5 in Conjurations
  9751 | D:9      | Noticed a two-headed ogre
  9763 | D:9      | Killed a two-headed ogre
  9900 | D:9      | Offered knowledge of Poisonous Vapours by Vehumet.
 10227 | D:9      | Reached *** piety under Vehumet
 10394 | D:10     | Entered Level 10 of the Dungeon
 10418 | D:10     | Noticed a two-headed ogre
 10425 | D:10     | Killed a two-headed ogre
 10528 | D:10     | Noticed a two-headed ogre
 10546 | D:10     | Killed a two-headed ogre
 10713 | D:10     | Found a staircase to the Orcish Mines.
 10713 | D:10     | Identified the +2 robe "Qacwur" {+Blink}
 10740 | D:10     | Learned a level 5 spell: Arcjolt
 10794 | D:10     | Offered knowledge of Kindle Blastsparks by Vehumet.
 10847 | D:10     | Reached skill level 10 in Spellcasting
 11035 | D:10     | Reached XP level 12. HP: 66/66 MP: 26/26
 11076 | D:10     | Got the Spellbook of Iron Feathers
 11085 | D:10     | Reached skill level 13 in Earth Magic
 11422 | D:11     | Found a staircase to the Lair.
 11551 | D:11     | Found Zumumuheg's Weapon Shoppe.
 12050 | D:11     | Noticed a centaur warrior
 12054 | D:11     | Killed a centaur warrior
 12130 | D:11     | Found the +2 hood of the Assassin {Detect Stab+ Stlth++}
 12166 | D:11     | Noticed a two-headed ogre
 12187 | D:11     | Killed a two-headed ogre
 12431 | D:11     | Noticed a boulder beetle
 12457 | D:11     | Killed a boulder beetle
 12886 | D:11     | Noticed an ogre mage
 12900 | D:11     | Reached skill level 5 in Stealth
 12917 | D:11     | Killed an ogre mage
 12974 | D:11     | Got Gochean's Discourse on Position and the Evil Eye
 12979 | D:11     | Learned a level 3 spell: Inner Flame
 13073 | D:12     | Found a transporter.
 13094 | D:12     | Noticed epsilonplus's ghost (journeyman FoFi)
 13219 | D:12     | Noticed a boulder beetle
 13220 | D:12     | Reached **** piety under Vehumet
 13221 | D:12     | Reached skill level 5 in Shields
 13248 | D:12     | Killed a boulder beetle
 13248 | D:12     | Offered knowledge of Iskenderun's Battlesphere by Vehumet.
 13276 | D:12     | Reached XP level 13. HP: 72/72 MP: 5/28
 13502 | D:12     | Found a transporter.
 13908 | D:13     | Noticed Lodul
 13916 | D:13     | Noticed Jorgrun
 14216 | D:13     | Shot with an arrow by a centaur warrior

Illustrated notes

Levels and vault maps discovered:
D:1:      moated_graveyard_arrival, layout_loops_ring
D:2:      layout_basic, uniq_jessica
D:3:      layout_loops_cross, grunt_temple_overflow_cloverleaf, minmay_circle_x,
          uniq_robin
D:4:      layout_basic, minmay_ruptured, uniq_natasha
D:5:      layout_basic, enter_ossuary_3, serial_shops, shop, shop,
          nicolae_shop_overgrown_old_shop, shop, uniq_ijyb, uniq_eustachio,
          uniq_grinder
D:6:      layout_layer_cave, kennysheep_generic_room_3
D:7:      layout_loops_ring, bloody_trog, minmay_temple_entry_wispy,
          gammafunk_ghost_smash, uniq_menkaure, uniq_duvessa,
          uniq_prince_ribbit1
D:8:      layout_basic, grunt_temple_overflow_open, serial_ice, serial_ice_j,
          serial_ice_a, serial_ice_b, serial_ice_g
D:9:      layout_gridville
D:10:     layout_gridville, david_orc_3
D:11:     minmay_tri_box, layout_cave_pods, david_lair_generic, serial_shops,
          nicolae_shop_bloodbath_and_beyond
D:12:     layout_rooms, nzn_ghost_randoct
D:13:     layout_irregular_city, erik_vaults_1, serial_shops,
          nicolae_diamond_shop, serial_column_ruins,
          column_ruins_columns_corner, column_ruins_open_small,
          column_ruins_open_tiny, column_ruins_open_tiny, column_ruins_grid_1,
          hive_lemuel, uniq_jorgrun, uniq_lodul
Temple:   nicolae_temple_superstar

Skill      XL: |  1  2  3  4  5  6  7  8  9 10 11 12 |
---------------+-------------------------------------+-----
Earth Magic    | 4 5 6 7 8 9 11 12 13 | 13.8
Armour         | 1 2 3 5 6 7 8 9 |  9.4
Spellcasting   | 3 4 6 7 8 10 11 | 11.2
Fighting       | 2 3 4 |  4.8
Stealth        | 3 4 6 |  6.6
Shields        | 1 2 3 5 |  5.7
Conjurations   | 2 4 5 8 |  8.5
Dodging        | |  1.5
Transmutations | |  0.7

Action                     |  1- 3 |  4- 6 |  7- 9 | 10-12 | 13-15 || total
---------------------------+-------+-------+-------+-------+-------++-------
  Melee: Short sword       |    11 |       |       |       |       ||    11
         Mace              |     4 |    62 |       |       |       ||    66
         Long sword        |       |     3 |   125 |       |       ||   128
         Dire flail        |       |       |       |   175 |    44 ||   219
   Fire: Sling             |       |    18 |       |       |       ||    18
  Throw: Dart              |       |       |       |     9 |       ||     9
         Javelin           |       |       |       |     2 |       ||     2
   Cast: Sandblast         |    38 |    97 |   139 |   171 |     1 ||   446
         Stone Arrow       |       |       |     4 |   103 |     9 ||   116
         Petrify           |       |       |     1 |    21 |       ||    22
         Passwall          |       |       |       |     1 |       ||     1
         Arcjolt           |       |       |       |    25 |     5 ||    30
  Evoke: Wand              |       |       |       |     1 |       ||     1
    Use: Scroll            |     2 |     3 |    16 |    11 |       ||    32
         Potion            |       |       |       |     7 |     1 ||     8
   Stab: Distracted        |       |       |     1 |       |       ||     1
         Petrified         |       |       |     5 |     8 |       ||    13
         Sleeping          |       |       |     1 |       |       ||     1
 Armour: Leather armour    |     7 |    62 |    92 |    98 |       ||   259
         Robe              |       |       |       |     4 |       ||     4
         Troll leather arm |       |       |       |    41 |    28 ||    69
  Dodge: Dodged            |    14 |   153 |   219 |   334 |    55 ||   775
  Block: Other             |       |     5 |    53 |   119 |    16 ||   193
         Reflection        |       |       |     3 |     6 |     3 ||    12

Table legend: (Time is in decaauts)
 A = Elapsed time spent in this place.
 B = Non-inter-level travel time spent in this place.
 C = Inter-level travel time spent in this place.
 D = Time resting spent in this place.
 E = Time spent auto-exploring this place.
 F = Levels seen in this place.
 G = Mean time per level.
                   A        B        C        D        E       F      G
               +--------+--------+--------+--------+--------+-----+--------+
         Total |  14602 |  14025 |    577 |   2929 |   7474 |  15 |  973.5 |
       Dungeon |  13551 |  13020 |    531 |   2570 |   7260 |  13 | 1042.4 |
        Temple |    174 |    128 |     46 |      0 |    100 |   1 |  174.0 |
       Ossuary |    877 |    877 |      0 |    359 |    113 |   1 |  877.0 |
               +--------+--------+--------+--------+--------+-----+--------+

Top non-repeatable levels by time:
    D:11: 1700 daAuts
     D:9: 1543 daAuts
     D:6: 1285 daAuts
     D:7: 1250 daAuts
     D:4: 1123 daAuts
    D:10: 1016 daAuts
     D:3: 963 daAuts
     D:5: 936 daAuts
    D:12: 924 daAuts
     D:1: 915 daAuts
 Ossuary: 877 daAuts
     D:8: 865 daAuts
     D:2: 781 daAuts
    D:13: 245 daAuts
  Temple: 174 daAuts
